 Dungeon Crawl Stone Soup version 0.30-a0-881-g1ff12e1e11 (webtiles) character file.

Game seed: 11279543317008548294

62 bobarctor the Poker (level 3, 0/28 HPs)
             Began as a Demonspawn Gladiator on Mar 15, 2023.
             Succumbed to an adder's poison
             ... on level 3 of the Dungeon.
             The game lasted 00:05:05 (1417 turns).

bobarctor the Poker (Demonspawn Gladiator)          Turns: 1417, Time: 00:05:06

Health: 0/28       AC:  4    Str: 14    XL:     3   Next: 85%
Magic:  3/3        EV: 12    Int:  9    God:
Gold:   92         SH:  0    Dex: 16    Spells: 2/2 levels left

rFire   + . .      SeeInvis .    a - +0 trident
rCold   . . .      Faith    .    (no shield)
rNeg    . . .      Spirit   .    b - +0 leather armour
rPois   .          Reflect  .    c - +0 helmet
rElec   .          Rampage  .    (no cloak)
rCorr   .                        (no gloves)
Will    .....                    (no boots)
Stlth   +                        (no amulet)
HPRegen 0.24/turn                g - ring of protection from fire
MPRegen 0.08/turn                (no ring)

@: lethally poisoned (0 -> -2)
A: foul stench 1, high MP 1, sense surroundings 1, evolution 1
a: no special abilities


You were on level 3 of the Dungeon.
You visited 1 branch of the dungeon, and saw 3 of its levels.

You collected 92 gold pieces.

Inventory:

Hand Weapons
 a - a +0 trident (weapon)
Missiles
 d - 3 throwing nets (quivered)
 e - a javelin
 i - 20 stones
Armour
 b - a +0 leather armour (worn)
 c - a +0 helmet (worn)
 f - a +0 ring mail
Jewellery
 g - a ring of protection from fire (left hand)
Scrolls
 j - a scroll of fear {unknown}
 k - a scroll of identify {unknown}
 o - a scroll of torment {unknown}
Potions
 h - a potion of mutation
 l - a potion of flight {unknown}
 m - a potion of curing {unknown}
 n - a potion of brilliance {unknown}


   Skills:
 * Level 2.5 Fighting
 + Level 3.6 Polearms
 + Level 1.9 Throwing
 + Level 3.1 Dodging
 + Level 0.5 Stealth


You had 2 spell levels left.
You didn't know any spells.
Your spell library contained the following spells:

 Spells                   Type           Power      Damage    Failure   Level
 Scorch                   Fire           0%         2d5       61%         2
 Flame Wave               Conj/Fire      0%         2d4       99%         4
 Summon Cactus Giant      Summ           0%         N/A       100%        6


Dungeon Overview and Level Annotations

Branches:
Dungeon (3/15)

Altars:


Innate Abilities, Weirdness & Mutations

You may rarely emit foul miasma when damaged in melee.
You have an increased reservoir of magic. (+10% MP)
You passively map a small area around you.
You have hidden genetic potential.


Message History

The adder closely misses you. The adder misses you.
You barely miss the adder.
The adder is moderately wounded.
The adder bites you.
You are poisoned.
The adder poisons you!
You completely miss the adder.
The adder is moderately wounded.
You feel sick. The adder bites you but does no damage.
The adder barely misses you.
You puncture the adder!
The adder is almost dead.
You feel sick. The adder completely misses you.
You completely miss the adder.
The adder is almost dead.
You feel sick. The adder barely misses you. The adder bites you.
* * * LOW HITPOINT WARNING * * *
You are lethally poisoned!
The adder poisons you!
You hit the adder.
You kill the adder!
* * * LOW HITPOINT WARNING * * *
You feel very sick.
You puncture the quokka!
You kill the quokka!
* * * LOW HITPOINT WARNING * * *
You feel sick.
* * * LOW HITPOINT WARNING * * *
You feel sick.
Things that are here:
a quokka corpse; an adder corpse
* * * LOW HITPOINT WARNING * * *
You feel sick.
* * * LOW HITPOINT WARNING * * *
You feel sick.
It was a potion of mutation.
You feel extremely strange.
You feel a hidden potential growing inside you.
You feel more energetic.
You feel a strange attunement to the structure of the dungeons.
You die...

...#.# ♣.#.# , ... ,
##†#.#.##.# ,♣.#.# ....
#.......... ***#.#.# .....
,
...#####...#####.#)#......
#..>...# ......?...)....$.
, <......#
...##.#.#.#.^.... ,
######## .<....#†#.#......
, ........#.# ..... , * *
.......@#.# ..... , *
....#..<#.#,*####
........#.#, *
#######...#,* , , ,..#* ,
, * #.# * ,, #.. , #.. , ,


There were no monsters in sight!

Vanquished Creatures
  2 adders
  A worm (D:2)
  2 dart slugs (D:1)
  An orc (D:3)
  2 ball pythons
  6 endoplasms
  3 giant cockroaches
  A goblin (D:2)
  3 hobgoblins
  4 kobolds
  3 quokkas
  2 bats
  2 frilled lizards
  2 rats
34 creatures vanquished.

Notes
Turn   | Place    | Note
-------+----------+-------------------------------------------
     0 | D:1      | bobarctor the Demonspawn Gladiator began the quest for the
                  | Orb.
     0 | D:1      | Reached XP level 1. HP: 16/16 MP: 1/1
   166 | D:1      | Gained mutation: You may rarely emit foul miasma when
                  | damaged in melee. [demonic ancestry]
   166 | D:1      | Reached XP level 2. HP: 22/22 MP: 2/2
   855 | D:2      | Reached XP level 3. HP: 28/28 MP: 3/3
  1416 | D:3      | HP: 1/28 [poisoned by an adder]
  1417 | D:3      | Gained mutation: You have hidden genetic potential. [potion
                  | of mutation]
  1417 | D:3      | Gained mutation: You have an increased reservoir of magic.
                  | (+10% MP) [potion of mutation]
  1417 | D:3      | Gained mutation: You passively map a small area around you.
                  | [potion of mutation]
  1417 | D:3      | Succumbed to an adder's poison

Illustrated notes

Levels and vault maps discovered:
D:1:      nicolae_arrival_somewhat_less_tricky_arrival, layout_rooms
D:2:      layout_rooms
D:3:      layout_basic, serial_forest, infiniplex_forest_zigzag_1,
          infiniplex_forest_fountain, infiniplex_forest_end_1,
          infiniplex_forest_clump_small, infiniplex_forest_3_way,
          infiniplex_forest_clump_C, infiniplex_forest_zigzag_2

Skill      XL: |  1  2 |
---------------+-------+-----
Polearms       | 3 |  3.6
Dodging        | 3 |  3.1
Fighting       | |  2.5
Throwing       | |  1.9
Stealth        | |  0.5

Action                     || total
---------------------------++-------
  Melee: Trident           ||    98
    Use: Potion            ||     1
   Stab: Sleeping          ||     2
 Armour: Leather armour    ||    30
  Dodge: Dodged            ||    68

Table legend: (Time is in decaauts)
 A = Elapsed time spent in this place.
 B = Non-inter-level travel time spent in this place.
 C = Inter-level travel time spent in this place.
 D = Time resting spent in this place.
 E = Time spent auto-exploring this place.
 F = Levels seen in this place.
 G = Mean time per level.
                   A        B        C        D        E       F      G
               +--------+--------+--------+--------+--------+-----+--------+
         Total |   1430 |   1420 |     10 |    156 |    939 |   3 |  476.7 |
       Dungeon |   1430 |   1420 |     10 |    156 |    939 |   3 |  476.7 |
               +--------+--------+--------+--------+--------+-----+--------+

Top non-repeatable levels by time:
     D:2: 675 daAuts
     D:1: 625 daAuts
     D:3: 129 daAuts
